 Dungeon Crawl Stone Soup version 0.26.1-11-gd32895ea62 (webtiles) character file.

Game seed: 15482474384862093571

59367 KamiKatze the Thaumaturge (level 14, -2/66 HPs)
             Began as a Felid Conjurer on July 19, 2021.
             Was a High Priest of Vehumet.
             Slain by an eight-headed hydra (18 damage)
             ... on level 1 of the Swamp.
             The game lasted 02:52:30 (33791 turns).

KamiKatze the Thaumaturge (Felid Conjurer)         Turns: 33791, Time: 02:52:31

Health: -2/66      AC:  3    Str:  3    XL:     14   Next: 52%
Magic:  23/33      EV: 26    Int: 25    God:    Vehumet [*****.]
Gold:   1423       SH:  0    Dex: 16    Spells: 1/42 levels left
                                        Lives:  0   Deaths: 2

rFire    + . .     SeeInvis +   (weapon unavailable)
rCold    + . .     Faith    .   (shield unavailable)
rNeg     . . .     Spirit   .   (armour unavailable)
rPois    +         Reflect  .   (helmet unavailable)
rElec    .         Harm     .   (cloak unavailable)
rCorr    .         Rampage  .   (gloves unavailable)
Will     ++...                  (boots unavailable)
Stlth    +++++.....             j - amulet of magic regeneration
HPRegen  0.21/turn              m - ring of poison resistance
MPRegen  0.48/turn              g - ring of protection from fire

@: quick
A: very small, no armour, no weapons or thrown items, stealth, claws 1, fangs 3,
see invisible, speed 1, shaggy fur 3, sharp paws
a: Renounce Religion


You were on level 1 of the Swamp.
You worshipped Vehumet.
Vehumet was extremely pleased with you.
You visited 6 branches of the dungeon, and saw 26 of its levels.
You also visited: Volcano.

You collected 3048 gold pieces.
You spent 1625 gold pieces at shops.

Inventory:

Jewellery
 g - a ring of protection from fire (right paw)
 h - an uncursed amulet of the acrobat
 j - an amulet of magic regeneration (around neck)
 l - a +6 ring of strength
 m - a ring of poison resistance (left paw)
 K - an uncursed ring of magical power
Wands
 e - a wand of digging (12)
 i - a wand of flame (38)
 q - a wand of disintegration (28)
 A - a wand of paralysis (19)
 D - a wand of iceblast (14)
 H - a wand of acid (14)
Scrolls
 b - 8 scrolls of teleportation
 f - 10 scrolls of amnesia
 n - 8 scrolls of remove curse
 r - 4 scrolls of fog
 s - 3 scrolls of blinking
 u - 3 scrolls of fear
 v - 2 scrolls of immolation
 w - 2 scrolls of magic mapping
 y - 3 scrolls of vulnerability
 C - 4 scrolls of identify
Potions
 a - 2 potions of might
 c - 2 potions of heal wounds
 d - 3 potions of mutation
 k - 13 potions of curing
 o - 2 potions of flight
 p - a potion of cancellation
 t - a potion of lignification
 x - 4 potions of haste
 z - a potion of magic
 E - 2 potions of berserk rage
 F - 2 potions of attraction
 G - a potion of invisibility
 I - a potion of brilliance
 J - a potion of resistance
Miscellaneous
 B - a phial of floods


   Skills:
 - Level 10.0 Fighting
 - Level 10.0 Dodging
 - Level 11.0 Stealth
 * Level 14.6 Spellcasting
 - Level 13.1 Conjurations
 - Level 10.0 Hexes
 - Level 10.0 Translocations
 - Level 3.0 Transmutations
 - Level 5.0 Fire Magic
 - Level 7.0 Ice Magic
 * Level 6.7 Earth Magic


You had one spell level left.
You knew the following spells:

 Your Spells              Type           Power        Failure   Level
a - Magic Dart            Conj           100%         0%          1
b - Searing Ray           Conj           100%         0%          2
c - Fulminant Prism       Conj/Hex       33%          1%          4
d - Iskenderun's Mystic   Conj/Tloc      66%          1%          4
e - Iron Shot             Conj/Erth      30%          2%          6
f - Frozen Ramparts       Ice            100%         1%          3
g - Yara's Violent Unrav  Hex/Tmut       25%          1%          5
h - Lee's Rapid Deconstr  Erth           25%          1%          5
i - Freezing Cloud        Conj/Ice/Air   25%          9%          6
j - Fireball              Conj/Fire      29%          1%          5

Your spell library contained the following spells:

 Spells                   Type           Power        Failure   Level
 Ozocubu's Refrigeration  Ice            26%          7%          6
 Apportation              Tloc           100%         1%          1
 Corona                   Hex            68%          1%          1
 Animate Skeleton         Necr           36%          3%          1
 Summon Small Mammal      Summ           72%          3%          1
 Blink                    Tloc           N/A          1%          2
 Ensorcelled Hibernation  Hex/Ice        100%         1%          2
 Passwall                 Tmut/Erth      35%          1%          2
 Slow                     Hex            62%          1%          2
 Confusing Touch          Hex            62%          1%          3
 Conjure Flame            Conj/Fire      59%          1%          3
 Dazzling Flash           Conj/Hex       100%         1%          3
 Ignite Poison            Fire/Tmut/Pois 31%          1%          3
 Mephitic Cloud           Conj/Pois/Air  40%          1%          3
 Tukima's Dance           Hex            62%          1%          3
 Hailstorm                Conj/Ice       62%          1%          4
 Leda's Liquefaction      Hex/Erth       28%          1%          4
 Passage of Golubria      Tloc           N/A          1%          4
 Bolt of Magma            Conj/Fire/Erth 28%          1%          5
 Iskenderun's Battlesphe  Conj           71%          1%          5
 Starburst                Conj/Fire      29%          3%          6
 Call Imp                 Summ           18%          4%          2
 Swiftness                Air            18%          4%          2
 Invisibility             Hex            62%          8%          6
 Conjure Ball Lightning   Conj/Air       25%          9%          6
 Silence                  Hex/Air        21%          11%         5
 Summon Lightning Spire   Summ/Air       18%          30%         4
 Statue Form              Tmut/Erth      28%          54%         6
 Ignition                 Fire           21%          99%         8
 Shatter                  Erth           25%          100%        9
 Tornado                  Air            9%           100%        9


Dungeon Overview and Level Annotations

Branches:
Dungeon (15/15)            Temple (1/1) D:6            Lair (6/6) D:8
  Swamp (1/4) Lair:2        Snake (1/4) Lair:4        Slime (0/5) Lair:5
    Orc (2/2) D:9             Elf (0/3) Orc:2        Vaults (0/5) D:13
 Depths (0/5) D:15        Volcano (visited)

Altars:
Ashenzari
Cheibriados
Dithmenos
Elyvilon
Fedhas
Gozag
Hepliaklqana
Kikubaaqudgha
Makhleb
Nemelex Xobeh
Okawaru
Qazlal
Ru
Sif Muna
Trog
Uskayaw
Vehumet
Wu Jian
Xom
Yredelemnul
Zin
The Shining One
Beogh
Jiyva

Shops:
D:5 ?(   D:15 *   Orc:1 [   Orc:2 *:[!

Annotations:
D:15 3 runed translucent doors, exclusion: 3 doors, Genkac's ghost, journeyman MiFi
Orc:2 3 runed translucent doors, exclusion: 3 doors, Amplified's ghost, journeyman MiFE


Innate Abilities, Weirdness & Mutations

You cannot wear armour.
You are incapable of wielding weapons or throwing items.
Your paws allow you to move quietly. (Stealth)
You have sharp claws.
You have razor-sharp teeth.
You have supernaturally acute eyesight. (SInv)
You cover ground quickly.
Your thick and shaggy fur keeps you warm. (AC +3, rC+)
Your sharp claws are effective at attacking unaware monsters.


Message History

The eight-headed hydra completely misses you. x2
The eight-headed hydra misses you. The eight-headed hydra bites you!
The eight-headed hydra closely misses you.
The eight-headed hydra bites you!
Your fulminant prism explodes!
The blast of energy engulfs the eight-headed hydra!!
The eight-headed hydra is severely wounded.
You hear a roar!
The searing ray hits the eight-headed hydra!
The eight-headed hydra is almost dead.
The eight-headed hydra misses you.
The eight-headed hydra closely misses you.
The eight-headed hydra bites you!
* * * LOW HITPOINT WARNING * * *
The eight-headed hydra completely misses you.
The eight-headed hydra bites you!
* * * LOW HITPOINT WARNING * * *
The eight-headed hydra completely misses you.
The eight-headed hydra bites you!!
You die...

.≈≈≈≈≈≈.♣
.....≈≈≈♣♣
.$..≈≈.≈.♣
.≈..≈≈.≈>♣
≈≈...≈.[≈♣♣
...≈≈†.§.≈♣
.≈≈≈≈≈.D§.♣
≈.≈≈≈≈.@♣
!≈.≈†.≈≈≈≈.♣
.≈...≈♣†.♣.....
...♣§≈§♣.≈ .≈≈♣
≈≈≈≈. § ≈≈≈ ≈.≈
....≈≈≈ ≈≈.. ≈≈
♣♣♣. ≈. .≈.♣≈ .
♣♣♣♣♣ ≈♣♣♣♣♣


You could see an eight-headed hydra.

Vanquished Creatures
  Frances (D:14)
  A dire elephant (D:15)
  A bunyip (Swamp:1)
  4 centaur warriors
  5 boulder beetles
  4 ogre magi (Orc:2)
  18 two-headed ogres
  8 hydras
  6 death yaks
  2 anacondas
  3 catoblepae (Lair:6)
  An orc high priest (Orc:2)
  A shock serpent (Snake:1)
  2 tengu warriors (D:15)
  3 skeletal warriors
  A goliath frog (Swamp:1)
  5 unseen horrors
  A swamp dragon (Swamp:1)
  2 lindwurms (Lair:6)
  A bog body (Swamp:1)
  An orc knight (D:15)
  2 mana vipers (Snake:1)
  2 deep elf magi
  4 oklob plants (Lair:5)
  2 salamanders
  6 manticores
  A cyclops (D:13)
  12 ugly things
  3 naga magi (Snake:1)
  2 centaur zombies
  18 elephants
  An elephant (shapeshifter) (D:13)
  A guardian serpent (shapeshifter) (D:13)
  14 black mambas
  4 gargoyles
  A torpor snail (Lair:6)
  15 cane toads
  2 kobold demonologists
  16 komodo dragons
  7 rime drakes
  A jumping spider (shapeshifter) (D:13)
  2 tengu conjurers (D:15)
  4 trolls
  13 polar bears
  A hornet (D:7)
  2 raiju (Lair:6)
  A meliai zombie (D:14)
  2 dream sheep
  A harpy skeleton (D:15)
  3 tyrant leeches
  Grinder (D:4)
  20 blink frogs
  3 slime creatures
  A shadow (D:15)
  39 yaks
  A wraith (D:15)
  3 basilisks
  2 hogs (D:8)
  6 vampire mosquitoes
  6 wyverns
  A redback simulacrum (D:14)
  10 wargs
  A naga (shapeshifter) (D:13)
  13 water moccasins
  A swamp worm (Swamp:1)
  13 hell hounds (Lair:6)
  18 orc warriors
  5 ice beasts
  5 phantoms
  7 sky beasts
  21 black bears
  23 ogres
  2 eyes of draining
  A necrophage (D:11)
  4 boggarts (D:15)
  24 centaurs
  21 wolves
  2 big kobolds
  16 bullfrogs
  A gnoll sergeant (D:7)
  A scorpion (D:13)
  A wyvern skeleton (D:13)
  4 killer bees (D:6)
  28 wights
  2 electric eels (Lair:3)
  4 howler monkeys
  4 bullfrog zombies
  A quasit (D:10)
  4 hounds
  3 bullfrog skeletons
  11 jellies
  7 orc priests
  22 orc wizards
  4 centaur skeletons
  6 iguanas
  Terence (D:2)
  9 worker ants
  9 hell rats
  2 hound zombies
  2 hound skeletons
  10 gnolls
  15 adders
  4 river rats (D:5)
  2 shadow imps
  2 white imps
  13 oozes (Lair:1)
  An adder skeleton (D:10)
  4 adder zombies
  4 worms (D:2)
  7 dart slugs
  6 leopard geckos
  95 orcs
  4 giant cockroaches
  9 goblins
  7 hobgoblins
  6 jackals
  20 kobolds
  2 quokkas
  A ball python zombie (D:5)
  13 bats
  4 frilled lizards
  A jackal skeleton (D:5)
  A quokka skeleton (D:9)
  5 rats
846 creatures vanquished.

Vanquished Creatures (others)
  509 fulminant prisms
  73 fungi
  140 plants
  2 toadstools (D:8)
724 creatures vanquished.

Grand Total: 1570 creatures vanquished

Notes
Turn   | Place    | Note
-------+----------+-------------------------------------------
     0 | D:1      | KamiKatze the Felid Conjurer began the quest for the Orb.
     0 | D:1      | Reached XP level 1. HP: 7/7 MP: 4/4
   145 | D:1      | Reached XP level 2. HP: 11/11 MP: 1/6
   242 | D:1      | Learned a level 2 spell: Searing Ray
   586 | D:1      | Reached XP level 3. HP: 8/14 MP: 2/7
  1439 | D:2      | Reached XP level 4. HP: 16/18 MP: 6/9
  1445 | D:2      | Learned a level 4 spell: Fulminant Prism
  1676 | D:2      | Reached skill level 3 in Spellcasting
  2068 | D:2      | Reached skill level 1 in Hexes
  2075 | D:2      | Reached XP level 5. HP: 21/21 MP: 0/10
  2305 | D:3      | Noticed Terence
  2333 | D:2      | Killed Terence
  2416 | D:3      | Found a snail-covered altar of Cheibriados.
  2821 | D:4      | Noticed a phantom
  2839 | D:4      | Killed a phantom
  2840 | D:4      | Gained mutation: You are covered in thick fur. (AC +2)
                  | [Felid growth]
  2840 | D:4      | Reached XP level 6. HP: 16/24 MP: 0/12
  2956 | D:4      | Learned a level 4 spell: Iskenderun's Mystic Blast
  2987 | D:4      | Reached skill level 4 in Spellcasting
  2987 | D:4      | Reached skill level 5 in Conjurations
  2987 | D:4      | Reached skill level 1 in Translocations
  3127 | D:4      | Reached XP level 7. HP: 22/27 MP: 11/14
  3257 | D:4      | Found a glowing golden altar of the Shining One.
  3403 | D:4      | Found an opulent altar of Gozag.
  3509 | D:4      | Noticed Grinder
  3514 | D:4      | Paralysed by Grinder for 2 turns
  3516 | D:4      | Killed Grinder
  3517 | D:4      | Reached skill level 5 in Hexes
  3700 | D:5      | Entered Level 5 of the Dungeon
  4036 | D:5      | Reached XP level 8. HP: 16/31 MP: 13/16
  4213 | D:5      | Found Fasyuss's Antique Weapon Shop.
  4248 | D:5      | Reached skill level 5 in Spellcasting
  4272 | D:5      | Found Vagis's Magic Scroll Shop.
  4468 | D:5      | Found a stormy altar of Qazlal.
  4471 | D:5      | Noticed an air elemental
  4566 | D:5      | Reached skill level 5 in Translocations
  5125 | D:6      | Identified the +8 short sword "Fiytsek" {vorpal, rPois
                  | Dex+3}
  5355 | D:6      | Found a staircase to the Ecumenical Temple.
  5364 | Temple   | Entered the Ecumenical Temple
  6165 | D:6      | Found a shimmering blue altar of Sif Muna.
  6166 | D:6      | Found a radiant altar of Vehumet.
  6173 | D:6      | Became a worshipper of Vehumet
  6188 | D:6      | Reached skill level 6 in Spellcasting
  6188 | D:6      | Reached XP level 9. HP: 34/34 MP: 10/19
  6710 | D:7      | Got a faintly glowing bone ring
  6717 | D:7      | Identified the ring "Henluakh" {*Tele Dex+10} (You found it
                  | on level 7 of the Dungeon)
  6740 | D:7      | Found a hazy altar of Hepliaklqana.
  7040 | D:7      | Reached * piety under Vehumet
  7040 | D:7      | Offered knowledge of Sandblast by Vehumet.
  7375 | D:8      | Reached skill level 7 in Spellcasting
  7899 | D:8      | Found a staircase to the Lair.
  7899 | D:8      | Noticed a komodo dragon
  7918 | D:8      | Killed a komodo dragon
  7919 | D:8      | Reached XP level 10. HP: 38/38 MP: 5/22
  8115 | D:8      | Found a huge runed translucent gate.
  8127 | D:8      | Noticed a manticore
  8128 | D:8      | Found a huge runed translucent gate.
  8128 | D:8      | Found a huge runed translucent gate.
  8128 | D:8      | Found a huge runed translucent gate.
  8194 | D:8      | Reached skill level 1 in Fighting
  8204 | D:8      | Noticed a two-headed ogre
  8213 | D:8      | Killed a two-headed ogre
  8595 | D:9      | Found a roughly hewn altar of Beogh.
  8595 | D:9      | Found a staircase to the Orcish Mines.
  8610 | D:9      | Reached skill level 5 in Stealth
  8857 | D:9      | Reached ** piety under Vehumet
  8861 | D:9      | Offered knowledge of Foxfire by Vehumet.
  9045 | D:9      | Reached skill level 5 in Dodging
  9405 | D:9      | Offered knowledge of Frozen Ramparts by Vehumet.
  9411 | D:9      | Learned a level 3 spell: Frozen Ramparts
  9597 | D:9      | Reached skill level 8 in Spellcasting
  9727 | D:10     | Entered Level 10 of the Dungeon
  9777 | D:10     | Noticed a gargoyle
  9921 | D:10     | Reached *** piety under Vehumet
  9934 | D:10     | Reached skill level 1 in Ice Magic
 10054 | D:10     | Offered knowledge of Sticky Flame by Vehumet.
 10575 | D:10     | Killed a gargoyle
 10869 | D:11     | Reached XP level 11. HP: 44/44 MP: 18/24
 10906 | D:11     | Reached skill level 10 in Hexes
 11332 | D:11     | Reached skill level 10 in Translocations
 12208 | D:11     | Reached **** piety under Vehumet
 12216 | D:12     | Noticed an unseen horror
 12223 | D:12     | Noticed a green ugly thing
 12224 | D:12     | Killed an unseen horror
 12249 | D:11     | Killed a green ugly thing
 12249 | D:11     | Offered knowledge of Iskenderun's Battlesphere by Vehumet.
 12292 | D:11     | Learned a level 5 spell: Iskenderun's Battlesphere
 13189 | Lair:1   | Entered Level 1 of the Lair of Beasts
 13320 | Lair:1   | Reached skill level 9 in Spellcasting
 14280 | Lair:2   | Gained mutation: Your thick and shaggy fur keeps you warm.
                  | (AC +3, rC+) [Felid growth]
 14280 | Lair:2   | Reached XP level 12. HP: 49/49 MP: 15/26
 14412 | Lair:2   | Found a staircase to the Swamp.
 14808 | Lair:2   | Reached skill level 5 in Ice Magic
 15088 | Lair:3   | Identified a scroll of acquirement
 15154 | Lair:3   | Reached skill level 10 in Conjurations
 15162 | Lair:3   | Found a dark tunnel.
 15182 | Volcano  | Entered a volcano
 15216 | Volcano  | Noticed a red draconian
 15493 | Lair:3   | Reached skill level 10 in Spellcasting
 15510 | Lair:3   | Reached skill level 5 in Fighting
 16631 | Lair:4   | Reached ***** piety under Vehumet
 16631 | Lair:4   | Offered knowledge of Yara's Violent Unravelling by Vehumet.
 16637 | Lair:4   | Reached XP level 13. HP: 55/55 MP: 20/28
 16643 | Lair:4   | Learned a level 5 spell: Yara's Violent Unravelling
 16996 | Lair:4   | Found a staircase to the Snake Pit.
 17248 | Lair:5   | Reached skill level 1 in Transmutations
 17621 | Lair:5   | Reached skill level 11 in Spellcasting
 17796 | Lair:5   | Found a staircase to the Slime Pits.
 17797 | Lair:5   | Found a viscous altar of Jiyva.
 18971 | Lair:5   | Identified Huatemm's Collected Works on Conjuration
 19428 | Lair:6   | Entered Level 6 of the Lair of Beasts
 20173 | Lair:6   | Reached skill level 12 in Spellcasting
 20173 | Lair:6   | Reached XP level 14. HP: 50/61 MP: 10/31
 21572 | Lair:6   | HP: 2/63 [boulder beetle (61)]
 21588 | Lair:6   | Offered knowledge of Starburst by Vehumet.
 23719 | Orc:1    | Entered Level 1 of the Orcish Mines
 23736 | D:9      | Acquired a book of Burglary
 23744 | D:9      | Learned a level 5 spell: Lee's Rapid Deconstruction
 23953 | Orc:1    | Found Apucrak's Antique Armour Emporium.
 24073 | Orc:2    | Entered Level 2 of the Orcish Mines
 24111 | Orc:2    | Found a runed translucent gate.
 24112 | Orc:2    | Found a runed translucent gate.
 24113 | Orc:2    | Found a runed translucent gate.
 24190 | Orc:2    | Reached skill level 13 in Spellcasting
 24190 | Orc:2    | Reached skill level 1 in Earth Magic
 24204 | Orc:2    | Offered knowledge of Freezing Cloud by Vehumet.
 24464 | Orc:2    | Reached XP level 15. HP: 45/67 MP: 28/33
 24508 | Orc:2    | Learned a level 6 spell: Freezing Cloud
 24972 | Orc:2    | Reached skill level 10 in Stealth
 25037 | Orc:2    | Identified the +4 leather armour "Sotyh" {rN+}
 25044 | Orc:2    | Noticed Amplified's ghost (journeyman MiFE)
 25044 | Orc:2    | Noticed an orc warlord
 25048 | Orc:2    | Found an iron altar of Okawaru.
 25107 | Orc:2    | Found Pygal's Book Emporium.
 25107 | Orc:2    | Found Sakhlumu's Distillery.
 25107 | Orc:2    | Found Voymeo's General Store.
 25107 | Orc:2    | Found Ditish's Antique Armour Emporium.
 25307 | Orc:2    | Found a staircase to the Elven Halls.
 25606 | Orc:2    | Bought a book of the Sky for 845 gold pieces
 25911 | D:13     | Reached skill level 10 in Dodging
 26285 | D:13     | Found a gate to the Vaults.
 26400 | D:13     | HP: 3/67 [boulder beetle (62)]
 27457 | D:14     | Noticed Frances
 27492 | D:14     | Killed Frances
 27493 | D:14     | Reached skill level 5 in Earth Magic
 27611 | D:14     | HP: 1/68 [centaur warrior/arrow (23)]
 28010 | D:14     | Learned a level 5 spell: Fireball
 28185 | D:14     | Demolished by a boulder beetle
 28186 | D:14     | Reached XP level 14. HP: -19/64 MP: 1/32
 28345 | D:14     | Reached skill level 1 in Fire Magic
 29073 | D:15     | Entered Level 15 of the Dungeon
 29334 | D:15     | Found an iron altar of Okawaru.
 29978 | D:15     | Reached skill level 14 in Spellcasting
 30067 | D:15     | Found a runed translucent gate.
 30068 | D:15     | Found a runed translucent gate.
 30068 | D:15     | Found a runed translucent gate.
 30068 | D:15     | Found an opulent altar of Gozag.
 30068 | D:15     | Found Voymeo's Assorted Antiques.
 30070 | D:15     | Noticed a storm dragon
 30070 | D:15     | Noticed Genkac's ghost (journeyman MiFi)
 30400 | D:15     | Reached ****** piety under Vehumet
 30400 | D:15     | Offered knowledge of Ozocubu's Refrigeration by Vehumet.
 30547 | D:15     | Reached XP level 15. HP: 69/69 MP: 30/34
 32011 | D:15     | Reached skill level 10 in Fighting
 32120 | D:15     | Found a staircase to the Depths.
 32463 | D:5      | Bought a scroll of acquirement for 780 gold pieces
 32463 | D:5      | Acquired a book of the Earth
 32553 | Lair:1   | Learned a level 6 spell: Iron Shot
 32632 | Snake:1  | Entered Level 1 of the Snake Pit
 33245 | Snake:1  | Killed from afar by a shock serpent
 33246 | Snake:1  | Reached XP level 14. HP: -6/66 MP: 31/33
 33586 | Swamp:1  | Entered Level 1 of the Swamp
 33632 | Swamp:1  | Reached skill level 5 in Fire Magic
 33791 | Swamp:1  | Slain by an eight-headed hydra

Illustrated notes

Levels and vault maps discovered:
D:1:      dpeg_arrival_stone_temple_mockup, layout_basic
D:2:      layout_rooms
D:3:      layout_basic, overflow_temple_1_default, hangedman_decor_growths,
          uniq_terence
D:4:      layout_rooms, nicolae_overflow_crystal_walls,
          nicolae_gozag_cash_rules_everything_around_me, uniq_grinder
D:5:      wad_woods_tower, layout_basic, serial_shops, shop,
          nicolae_shop_crystal, nicolae_qazlal_style_of_elements
D:6:      layout_cave_pools, gammafunk_temple_overflow_pools,
          minmay_temple_entry_glass
D:7:      layout_basic, basic_altar, roderic_roman_lattice,
          hangedman_minor_gate_pass
D:8:      lemuel_bear_cage, layout_rooms, david_lair_shrubbed,
          minmay_gold_behind_fungi
D:9:      layout_irregular_city, david_orc_5
D:10:     layout_rooms
D:11:     layout_cave_pools, minmay_stone_trees_small
D:12:     layout_basic, minmay_liquid_box
D:13:     layout_long_grid, david_vaults_2
D:14:     layout_layer_cave, minmay_misc_feat_pillars, uniq_frances
D:15:     hangedman_depths_entry_try_elsewhere_first, layout_loops_ring,
          ebering_ghost_gozag, hangedman_decor_slide_cut, nicolae_two_hexagons,
          okawaru_ov_weapons_minmay
Temple:   regret_index_temple_mists
Lair:1:   lemuel_slime, layout_regular_city, chequers_serial_rivers_small_a,
          roderic_batcave, grunt_megastairs_2
Lair:2:   layout_regular_city, minmay_swamp_entry_worms,
          nicolae_lair_grove_arrangements, nicolae_quartered_pool_little,
          beast_lair_carwin_1
Lair:3:   layout_misc_corridors, lightli_volcano_entry_magma_tube,
          grunt_megastairs_1, lemuel_fruit_fields, serial_bayou_shore_a
Lair:4:   layout_cave_pods, dummy_snake_entry
Lair:5:   layout_cave_pods, slime_altar_1, minmay_lair_oklob_chamber
Lair:6:   hangedman_lair_caniforms_friends, layout_regular_city,
          hangedman_lair_in_review, grunt_forest_small_clearing_treed,
          infiniplex_staircase_pool_2, grunt_megastairs_5
Swamp:1:  layout_falls_marsh, lemuel_altar_in_water, swamp_pool4
Snake:1:  layout_concentric_octagons
Orc:1:    layout_caves, serial_shops, shop
Orc:2:    st_orc_ogre_mass, layout_caves, gammafunk_ghost_fury_of_okawaru

Skill      XL: |  1  2  3  4  5  6  7  8  9 10 11 12 13 14 15 |
---------------+----------------------------------------------+-----
Stealth        | 3 4 5 7 9 11 10 | 11.0
Dodging        | 3 4 5 7 8 9 10 | 10.0
Conjurations   | 4 5 6 7 8 9 10 12 13 | 13.1
Spellcasting   | 3 4 6 7 8 9 10 12 14 | 14.6
Hexes          | 1 2 3 5 7 9 10 | 10.0
Translocations | 2 4 6 9 10 | 10.0
Fighting       | 2 4 5 7 8 10 | 10.0
Ice Magic      | 1 4 6 7 |  7.0
Transmutations | 3 |  3.0
Earth Magic    | 6 5 |  6.7
Fire Magic     | 5 4 |  5.0

Action                   |  1- 3 |  4- 6 |  7- 9 | 10-12 | 13-15 || total
-------------------------+-------+-------+-------+-------+-------++-------
Melee: Unarmed           |    36 |     2 |     9 |     4 |     7 ||    58
       Bite              |     1 |       |     1 |       |       ||     2
 Cast: Magic Dart        |    61 |    33 |    68 |    73 |    51 ||   286
       Searing Ray       |     6 |    38 |    85 |    96 |    40 ||   265
       Iskenderun's Myst |       |       |    10 |    96 |   295 ||   401
       Fulminant Prism   |       |       |    16 |   139 |   354 ||   509
       Iskenderun's Batt |       |       |       |     3 |    12 ||    15
       Frozen Ramparts   |       |       |       |     1 |    11 ||    12
       Lee's Rapid Decon |       |       |       |       |    96 ||    96
       Fireball          |       |       |       |       |    18 ||    18
       Freezing Cloud    |       |       |       |       |     1 ||     1
       Iron Shot         |       |       |       |       |     1 ||     1
       Yara's Violent Un |       |       |       |       |     1 ||     1
Evoke: Wand              |       |       |       |       |    10 ||    10
  Use: Scroll            |       |     6 |     5 |    13 |    10 ||    34
       Potion            |       |       |       |     1 |     1 ||     2
 Stab: Sleeping          |     2 |       |       |       |     2 ||     4
Armor: Skin              |     1 |       |     1 |     1 |     5 ||     8
Dodge: Dodged            |    43 |    29 |    47 |   102 |   239 ||   460
